Cogmind - Beta 15 @@@ ROGUE MODE // 2025.07.08 @ 20:21:45 Player: WILEY2049 Result: Destroyed by D-53 Grenadier with Mini Grenade Launcher Performance ------------- Evolutions (0) 0 Regions Visited (0) 0 Robots Destroyed (0) 0 Value Destroyed (0) 0 Prototype IDs (0) 0 Alien Tech Used (0) 0 Bonus (0) 0 TOTAL SCORE: 0 Bonus ------- None Cogmind --------- Core Integrity 0/250 Matter 279/300 Energy 116/125 System Corruption 0% Temperature Cool (0) Movement Treading (160) Location -11/Scrapyard Parts ------- > --- POWER (1) -------- Light Ion Engine > --- PROPULSION (2) --- Light Treads Light Treads > --- UTILITY (2) ------ Small Storage Unit > --- WEAPON (2) ------- Small Laser Light Assault Rifle > --- INVENTORY (8) ---- Ion Engine Aluminum Leg Aluminum Leg Compact Wheel Compact Wheel EM Pulse Gun Peak State ------------ > --- POWER ------------ Light Ion Engine > --- PROPULSION ------- Light Treads Light Treads > --- UTILITY ---------- Small Storage Unit > --- WEAPON ----------- Small Laser Light Assault Rifle > --- INVENTORY -------- Ion Engine Compact Wheel Compact Wheel [Rating: 6] Favorites ----------- Power Light Ion Engine Engine Light Ion Engine Propulsion Light Treads Treads Light Treads Utility Small Storage Unit Storage Small Storage Unit Weapon Light Assault Rifle Energy Gun Small Laser Ballistic Gun Light Assault Rifle Build | -11 ------- Run | Yrd Slots Evolved . | . Power . | . Propulsion . | . Utility . | . Weapon . | . Parts Attached 6 | 6 Power 1 | 1 Engine 1 | 1 Core . | . Reactor . | . Propulsion 2 | 2 Treads 2 | 2 Leg . | . Wheel . | . Hover . | . Flight . | . Utility 1 | 1 Device . | . Storage 1 | 1 Processor . | . Hackware . | . Protection . | . Artifact . | . Weapon 2 | 2 Energy Gun 1 | 1 Energy Cannon . | . Ballistic Gun 1 | 1 Ballistic Cannon . | . Launcher . | . Special Weapon . | . Impact Weapon . | . Slashing Weapon . | . Piercing Weapon . | . Special Melee Weapon . | . Unidentified Prototypes . | . Parts Lost . | . Power . | . Propulsion . | . Utility . | . Weapon . | . Highest Loss Streak . | . To Critical Strikes . | . Average Backups 5 | 5 Power . | . Propulsion 3 | 3 Utility . | . Weapon . | . Tool/Special . | . Unused Backups 6 | 6 Power 1 | 1 Propulsion 4 | 4 Utility . | . Weapon 1 | 1 Tool/Special . | . Average Slot Usage (%) . | . Peak Build Rating 6 | 6 Average Rating 5 | 5 On Entrance . | . Naked Turns . | . Heaviest Build 10 | 10 Greatest Support 40 | 40 Greatest Overweight (x) . | . Average Overweight (x) . | . Largest Inventory Capacity 8 | 8 Average Capacity 7 | 7 Most Carried 6 | 6 Average Carried 5 | 5 Final Capacity 8 | 8 Final Carried 6 | 6 Class Distribution -------------------- None Dominant Class ---------------- None Resources | -11 ----------- Run | Yrd Matter Collected 237 | 237 Remotely . | . Salvage Created . | . Parts . | . Haulers Intercepted . | . Recyclers Shooed . | . Parts Field Recycled . | . Retrieved Matter . | . Parts Self-Destructed . | . Prevented . | . Kills | -11 ------- Run | Yrd Combat Hostiles Destroyed . | . Classes Destroyed . | . Best Kill Streak . | . Combat Bots Only . | . Max Kills in Single Turn . | . Gunslinging . | . Exploded . | . Melee . | . Uniques/NPCs Destroyed . | . Combat | -11 -------- Run | Yrd Hostile Shots Fired 12 | 12 Missed 2 | 2 Hits 10 | 10 Projectile 10 | 10 AOE 11 | 11 Damage Taken 440 | 440 Core 260 | 260 Absorbed by Shields . | . Core Remaining (%) . | . Volleys Fired 3 | 3 Largest 2 | 2 Hottest 60 | 60 Shots Fired 6 | 6 Gun 6 | 6 Cannon . | . Launcher . | . Special . | . Kinetic 3 | 3 Thermal 3 | 3 Explosive . | . Electromagnetic . | . Robot Hit Streak 3 | 3 Robot Miss Streak 1 | 1 Penetration Max . | . Secondary Targets . | . Shots Hit Robots 4 | 4 Core Hits 4 | 4 Critical Kills . | . Critical Parts Destroyed . | . Critical Strikes . | . Melee Attacks . | . Impact . | . Slashing . | . Piercing . | . Sneak Attacks . | . Combat Hostiles . | . Follow-up Attacks . | . Damage Inflicted 50 | 50 Guns 39 | 39 Cannons . | . Explosions . | . Melee . | . Ramming 11 | 11 Kinetic 6 | 6 Thermal 33 | 33 Explosive . | . Electromagnetic . | . Impact . | . Slashing . | . Piercing . | . Highest Corruption . | . Average Corruption . | . Corruption Purged . | . Corruption Blocked . | . Overload Shots . | . Overflow Damage . | . Projectiles . | . Explosions . | . Melee . | . Knockbacks . | . Impact . | . Kinetic . | . Secondary . | . Self-Inflicted Damage . | . Shots . | . Rammed 2 | 2 Targets Rammed 2 | 2 Kicked . | . Crushed . | . Highest Temperature 20 | 20 Average Temperature 15 | 15 Received Heat Transfer . | . Siege Activations . | . Martial Activations . | . Shielding Activations . | . Robots Disrupted . | . Combat Hostiles . | . Robots Corrupted . | . Combat Hostiles . | . Parts Fried . | . Impact Corruptions . | . Robots Melted . | . Combat Hostiles . | . Parts Melted . | . Heat Transferred 75 | 75 Parts Sabotaged . | . Parts Stolen . | . Parts Stripped . | . Power Chain Reactions . | . Alert | -11 ------- Run | Yrd Maximum Alert Level . | . Low Security (%) 100 | 100 Level 1 . | . Level 2 . | . Level 3 . | . Level 4 . | . Level 5 . | . High Security . | . Max Security . | . Peak Influence . | . Initial . | . Average . | . Influence Increases . | . Influence Decreases . | . Squads Dispatched . | . Investigation . | . Extermination . | . Reinforcement . | . Assault . | . Garrison . | . Intercept . | . Searches Triggered . | . Construction Impeded . | . Haulers Reinforced . | . Active Scanning Responses . | . Cargo Convoy Interrupts . | . Stealth | -11 --------- Run | Yrd Distress Signals . | . Communications Jammed . | . Distress Signals . | . Times Spotted 2 | 2 Peak Tracking Total 2 | 2 Tactical Retreats . | . Traps | -11 ------- Run | Yrd Traps Triggered . | . Indirectly . | . Trap Hack Attempts . | . Triggered . | . Disarmed . | . Reprogrammed . | . Reused . | . Traps Extracted . | . Installed . | . Triggered . | . Machines | -11 ---------- Run | Yrd Machines Disabled . | . Max in Single Turn . | . Machines Repaired . | . Machines Dismantled . | . Machines Sabotaged . | . Overloaded Fab Kills . | . Hacking | -11 --------- Run | Yrd Machines Accessed . | . Terminals . | . Fabricators . | . Repair Stations . | . Recycling Units . | . Scanalyzers . | . Garrison Access . | . Total Hacks . | . Successful . | . Failed . | . Catastrophic . | . Database Lockouts . | . Manual . | . Terminals . | . Fabricators . | . Repair Stations . | . Recycling Units . | . Scanalyzers . | . Garrison Access . | . Terminal Hacks . | . Fabricator Hacks . | . Repair Station Hacks . | . Recycling Unit Hacks . | . Scanalyzer . | . Garrison Access Hacks . | . Unauthorized Hacks . | . Terminals . | . Fabricators . | . Repair Stations . | . Recycling Units . | . Scanalyzers . | . Garrison Access . | . Data Cores Recovered . | . Used . | . Hacking Detections . | . Full Trace Events . | . Feedback Events . | . Feedback Blocked . | . Robot Schematics Acquired . | . Robots Built . | . Authchips . | . Time . | . Total Robot Build Rating . | . Part Schematics Acquired . | . Parts Built . | . Authchips . | . Time . | . Total Part Build Rating . | . Parts Repaired . | . Time . | . Parts Recycled . | . Recycled Matter . | . Retrieved Matter . | . Retrieved Components . | . Parts Scanalyzed . | . Part Schematics Acquired . | . Parts Damaged . | . Bothacking | -11 ------------ Run | Yrd Used RIF Installer . | . Robots Hacked . | . Non-combat . | . Combat . | . Robot Hacks Applied . | . Relay Couplers Released . | . Fabnet Peak Effective % . | . Robots Rewired . | . Allies Hacked . | . Hacks Repelled . | . Allies | -11 -------- Run | Yrd Total Allies . | . Largest Group . | . Highest-Rated Group . | . Highest-Rated Ally . | . Total Orders . | . Ally Attacks . | . Total Damage . | . Kills . | . Allies Corrupted . | . Allies Melted . | . Intel | -11 ------- Run | Yrd Active Infowar (turns) . | . Robot Analysis Total . | . Derelict Logs Recovered . | . Drone Launches . | . Drone Recoveries . | . Exploration | -11 ------------- Run | Yrd Turns Passed 836 | 836 Spaces Moved 362 | 362 Core 7 | 7 Treads 355 | 355 Legs . | . Wheels . | . Hover . | . Flight . | . Fastest Speed 50 | 50 Average Speed 157 | 157 Slowest Speed 160 | 160 Overloaded Moves . | . Propulsion Burnouts . | . Robots Hopped . | . Potential Cave-ins . | . Cave-ins Triggered . | . Exploration Rate (%) 27 | 27 Regions Visited . Branch Regions . Pre-discovered Areas . | . Known Exits Taken . | . Unknown Exits Taken . | . Scrap Searched . | . Spaces Dug . | . Terrain Destroyed . | . Melee . | . Projectile . | . AOE . | . Terrain Rammed . | . Walls Destroyed . | . Machines Disabled . | . Actions | -11 --------- Run | Yrd Total 622 | 622 Wait 237 | 237 Move 362 | 362 Hop . | . Pick Up 12 | 12 Fast Attach . | . Attach 6 | 6 Detach . | . Swap . | . Drop . | . Fire 3 | 3 Melee . | . Ram . | . Kick . | . Crush 2 | 2 Escape Stasis . | . Rewire . | . Trap . | . Miscellaneous . | . Route ------- -11/Scrapyard (discovered 1 exit: [*Mat]) History --------- Turn | Location | Event 56 | -11/Scrapyard | Discovered new exit (range 14) 820 | -11/Scrapyard | Assembled infested the area 828 | -11/Scrapyard | Core integrity fell below 50% 837 | -11/Scrapyard | Core integrity fell below 20% 837 | -11/Scrapyard | Destroyed by D-53 Grenadier with Mini Grenade Launcher Last Messages --------------- K-01 Serf collects debris. T-07 Excavator is excavating. K-01 Serf collects debris. T-07 Excavator is excavating. K-01 Serf collects debris. T-07 Excavator is excavating. K-01 Serf collects debris. Slammed into K-01 Serf. Slammed into R-06 Scavenger. ALERT: Infestation in the scrapyard, dispatching Demolisher response squad. [Achievement: Curiosity Killed The Cat] C-30 ARC bursts open, deploying its payload. D-53 Grenadier unfolds itself. K-01 Serf collects debris. The unstable cave ceiling collapses. K-01 Serf collects debris. The unstable cave ceiling collapses. K-01 Serf collects debris. The unstable cave ceiling collapses. Map ----- +----------------------------------------------------+ | ??????# # # #???????????????????????? | | ??????# #????????????????????????? | | ??????# # # #????????????????????????? | | ??????########### ######????????????????????????? | | ????????????????# #?????????????????????????????? | | ????????????????# #?????????????????????????????? | | ????????????????# #?????????????????????????????? | | ???????????????## ##????????????????????????????? | | ???????????????# #????????????????????????????? | | ???????????????## ##????????????????????????????? | | ????????????????# #?????????????????????????????? | | ???????????????## ##????????????????????????????? | | ???????????????# ####?????????????????????????? | | ###????????????# #?????????????????????????? | | ##???????????# #?????????????????????????? | | ####????????# ####?????????????????????????? | | #????????## ##????????????????????????????? | | #?????????# ######????????????????????????? | | #????????## # ????????????????????????? | | #????????# # ##??????????????????????? | | #????????# ###########????????????? | | ##????????# #????????????? | | ## ###?????????# ######???????? | | ############ # #???????? | | t # #???????? | | ############ @ # #???????? | | # #??????????#### # #???????? | | #####?????????????## # #???????? | | ???????????????????## d # #???????? | | ????????????????????### d ########### #???????? | | ???????##########???# r #??????# #???????? | | ???????# #???# % #??????# #???###?? | | ???????# #???# k ########## ###### ### | | ???????# ##### | | ???????# | | ???????# ### ######## ###### | | ???????# ##### < ## ## # | | ???????# #???# ## ## # | | ???????# #???########### ## | | ???????##########?????????????# ## # | | ??????????????????????????????# ## # | | ??????????????????????????????# ## # | | ??????????????????????????????# ########### | | ??????????????????????????????# #?????????? | | ??????????????????????????????# #?????????? | | ??????????????????????????????##########?????????? | | ?????????????????????????????????????????????????? | | ?????????????????????????????????????????????????? | | ?????????????????????????????????????????????????? | | ?????????????????????????????????????????????????? | +----------------------------------------------------+ Best States ------------- Heat Dissipation 25 Energy Generation 10 Energy Capacity 125 Matter Stores 282 Matter Capacity 300 Sight Range 16 Terrain Scan Density 10 Evasion (%) 50 Recoil Reduction 2 Item Schematics ----------------- None Robot Schematics ------------------ None Fabricated ------------ Nothing Repaired ---------- Nothing Alien Tech Used ----------------- None Achievements -------------- Curiosity Killed The Cat Challenges ------------ None Game ------ Seed TiamatAlloyAmplifier Manual? 0 Play Time 00:09:04 Cumulative 1.3 hours Start 2025.07.08 @ 20:16:46 End 2025.07.08 @ 20:21:45 Sessions 0 Manual Loads 0 Difficulty Rogue Special Mode None Game No. 5 Rogue 5 Adventurer 0 Explorer 0 Win Type - Total 0 Types 0/0/0/0/0/0/0/0/0/0 Lore% 0 Gallery% 5 Achievement% 5 Wizard Run 0 Options --------- Layout 1 ASCII 0 Keyboard 0 Movement Numpad Keybinds 0 Fullscreen 1 Font 16/SmallcapsGlow Map View 50x40 Zoom Use 0% Tactical HUD 0 Map Filters NONE Filters NONE Steam SD RUN: 35cb3564-4faf-41ea-a7c1-1b3bc66e42c7